[Event "Titled Tuesday Blitz June 27 Late 2023"]
[White "Sloan, Julia Elizabeth"]
[Black "Bullen, Alex"]
[WhiteFideId "2018950"]
[BlackFideId "1801627"]
[WhiteElo "2072"]
[BlackElo "2282"]
[Result "1/2-1/2"]
[Round "4"]
[TimeControl "180+2"]
[Date "2023.06.27"]
[WhiteClock "0:00:48"]
[BlackClock "0:00:04"]
[Board "174"]

1. d4 Nf6 2. c4 e6 3. Nf3 d5 4. g3 Bb4+ 5. Bd2 Be7 6. Bg2 O-O 7. O-O Nbd7 8. Bg5 c6 9. Nc3 h6 10. Bxf6 Nxf6 11. Ne5 Qc7 12. e4 dxe4 13. Nxe4 Nxe4 14. Bxe4 Bf6 15. f4 c5 16. Kh1 Rb8 17. Bc2 b6 18. Re1 Bb7+ 19. d5 exd5 20. cxd5 Rbd8 21. Qd3 g6 22. Bb3 b5 23. Qxb5 Bxd5+ 24. Bxd5 Rxd5 25. Rac1 Bxe5 26. fxe5 Rxe5 27. Rxe5 Qxe5 28. Rxc5 Qe1+ 29. Kg2 Qd2+ 30. Kf1 Qd1+ 31. Kf2 Rd8 32. Re5 Rd2+ 33. Re2 Rxe2+ 34. Qxe2 Qd4+ 35. Kg2 h5 36. a3 Qd5+ 37. Kf2 a5 38. h4 Qd4+ 39. Kg2 a4 40. Qc2 Kh7 41. Kh3 Qd7+ 42. Kh2 Qb5 43. Qf2 Kg8 44. Qc2 Qd7 45. Qf2 Qe6 46. Qc2 Qe8 47. Qf2 Qe4 48. Kg1 Kg7 49. Kh2 Kh7 50. Kg1 Kg7 51. Kh2 f6 52. Kg1 Kh6 53. Qd2+ Kh7 54. Qd7+ Kh6 55. Qd2+ g5 56. hxg5+ fxg5 57. Qd6+ Kg7 58. Qd7+ Kg6 59. Qd6+ Kf5 60. Qd7+ Ke5 61. Qe7+ Kd4 62. Qxg5 Qe1+ 63. Kh2 Qf2+ 64. Kh3 Qxb2 65. Qxh5 Qxa3 66. Qg4+ Kc5 67. Qf5+ Kb6 68. Qe6+ Ka5 69. Qd5+ Ka6 70. Qc6+ Ka7 71. Qc7+ Ka6 72. Qc6+ Ka5 73. Qd5+ Kb4 74. Qd6+ Kb3 75. Qd3+ Kb2 76. Qd2+ Ka1 77. Qd1+ Ka2 78. Qc2+ Ka1 79. Qd1+ Kb2 80. Qd2+ Kb1 81. Qd1+ Qc1 82. Qxa4 Qc8+ 83. g4 Qc3+ 84. Kh4 Qh8+ 85. Kg3 Qc3+ 86. Kf4 Qf6+ 87. Ke3 Qg5+ 88. Qf4 Qc5+ 89. Kf3 Qc3+ 90. Ke4 Qc4+ 91. Kf5 Qf7+ 92. Ke4 Qc4+ 93. Kf5 Qf7+ 94. Kg5 Qg7+ 95. Kh5 Qh7+ 96. Qh6 Qe7 97. g5 Qe2+ 98. Kg6 Qe6+ 99. Kh7 Qe7+ 100. Qg7 Qe4+ 101. Qg6 Qc2 102. Qxc2+ Ka1 103. g6 1/2-1/2


[Site "https://www.chess.com"]

[Event "Titled Tuesday Blitz June 27 Late 2023"]
[White "Ward, Ieuan C"]
[Black "Allam, Yara"]
[WhiteFideId "406627"]
[BlackFideId "10615709"]
[WhiteElo "2278"]
[BlackElo "2064"]
[Result "1/2-1/2"]
[Round "4"]
[TimeControl "180+2"]
[Date "2023.06.27"]
[WhiteClock "0:01:10"]
[BlackClock "0:01:13"]
[Board "175"]

1. e4 c5 2. Nf3 e6 3. d4 cxd4 4. c3 Nf6 5. e5 Nd5 6. cxd4 d6 7. Nc3 Nc6 8. Bb5 Bd7 9. O-O dxe5 10. Bxc6 Bxc6 11. Nxe5 Qc7 12. Nxc6 Qxc6 13. Nxd5 Qxd5 14. Qa4+ Qd7 15. Qxd7+ Kxd7 16. Bf4 Bd6 17. Bg5 Rhc8 18. Rac1 Rc7 19. Rxc7+ Bxc7 20. g3 Bb6 21. Rd1 Rc8 22. d5 Rc2 23. dxe6+ Kxe6 24. Rd2 Rxd2 25. Bxd2 Kd5 26. Kf1 g6 27. Ke2 Ke4 28. f3+ Kf5 29. Kd3 h5 30. b4 Bg1 31. h3 Bh2 32. g4+ hxg4 33. fxg4+ Ke5 34. Be3 a6 35. h4 Bf4 36. h5 gxh5 37. gxh5 Bxe3 38. Kxe3 Kf5 39. Kd4 Kg5 40. Ke5 Kxh5 41. Kf6 Kg4 42. Kxf7 Kf4 43. Ke6 Ke4 44. Kd6 Kd4 45. Kc7 Kc4 46. a3 Kb3 47. Kxb7 Kxa3 48. Kxa6 Kxb4 1/2-1/2


[Site "https://www.chess.com"]

[Event "Titled Tuesday Blitz June 27 Late 2023"]
[White "Kostiukov, Alexandr"]
[Black "Alberto, Manuel"]
[WhiteFideId "14108100"]
[BlackFideId "10100148"]
[WhiteElo "2277"]
[BlackElo "2004"]
[Result "1-0"]
[Round "4"]
[TimeControl "180+2"]
[Date "2023.06.27"]
[WhiteClock "0:00:05"]
[BlackClock "0:00:23"]
[Board "176"]

1. e4 c5 2. Nf3 d6 3. d4 cxd4 4. Nxd4 Nf6 5. Nc3 a6 6. Be2 e5 7. Nb3 Be6 8. Rg1 h5 9. Bg5 Nbd7 10. Qd2 Rc8 11. O-O-O Be7 12. Kb1 b5 13. Bxf6 Nxf6 14. Nd5 Nxe4 15. Qe3 Bxd5 16. Rxd5 Nf6 17. Rdd1 Qc7 18. c3 O-O 19. g4 hxg4 20. Bxg4 Nxg4 21. Rxg4 Rfd8 22. Qh6 g6 23. Rdg1 Bf8 24. Qd2 Bg7 25. h4 d5 26. h5 Rd6 27. hxg6 fxg6 28. Rxg6 Rxg6 29. Rxg6 Qf7 30. Rxa6 d4 31. Rd6 dxc3 32. bxc3 Qf5+ 33. Kb2 e4 34. Rd8+ Rxd8 35. Qxd8+ Kh7 36. Qh4+ Kg6 37. Nd4 Qd5 38. Qg4+ Kf7 39. Qf5+ Qxf5 40. Nxf5 Be5 41. Kb3 Ke6 42. Nd4+ Bxd4 43. cxd4 Kd5 44. Kc3 b4+ 45. Kxb4 Kxd4 46. a4 Kd3 47. a5 Ke2 48. a6 Kxf2 49. a7 e3 50. a8=Q e2 51. Qf8+ Ke3 52. Qe7+ Kd2 53. Qd6+ Kc2 54. Qe5 Kd2 55. Qd4+ Kc2 56. Qe4+ Kd2 57. Qg2 Kd1 58. Qf3 Kd2 59. Qc3+ Kd1 60. Qa1+ Kd2 61. Qb2+ Kd1 62. Qb1+ Kd2 63. Qb2+ Kd1 64. Qd4+ Kc2 65. Qc3+ Kd1 66. Qd3+ Ke1 67. Kc3 Kf2 68. Qf5+ Ke3 69. Qe5+ Kf2 70. Kd2 e1=Q+ 71. Qxe1+ Kf3 72. Kd3 Kf4 73. Qe4+ Kg5 74. Qf3 Kg6 75. Qf4 Kg7 76. Qf5 Kg8 77. Qd7 Kf8 78. Ke4 1-0


[Site "https://www.chess.com"]

[Event "Titled Tuesday Blitz June 27 Late 2023"]
[White "Vaglio Munoz, Jaime"]
[Black "Sainz Aguirre, Ignacio"]
[WhiteFideId "6500145"]
[BlackFideId "5101727"]
[WhiteElo "2272"]
[BlackElo "1974"]
[Result "1-0"]
[Round "4"]
[TimeControl "180+2"]
[Date "2023.06.27"]
[WhiteClock "0:00:23"]
[BlackClock "0:00:00"]
[Board "177"]

1. Nf3 d5 2. c4 e6 3. b3 Nf6 4. Bb2 Be7 5. g3 Nbd7 6. Bg2 b6 7. O-O Bb7 8. d3 O-O 9. Re1 c5 10. e3 Re8 11. Nbd2 Rc8 12. a3 a5 13. Rb1 Qc7 14. Bc3 h6 15. b4 axb4 16. axb4 Ra8 17. bxc5 bxc5 18. Rb5 Bc6 19. Rb2 Ra3 20. Nb1 Ra7 21. Nfd2 Rea8 22. e4 d4 23. e5 Ne8 24. f4 dxc3 25. Nxc3 Bxg2 26. Kxg2 Qc6+ 27. Nde4 f5 28. exf6 Ndxf6 29. Kh3 Nxe4 30. Rxe4 Ra1 31. Qe2 Nc7 32. Nb5 Bf6 33. Nxc7 Qxc7 34. Rc2 Qf7 35. Rxe6 R1a6 36. f5 Rxe6 37. fxe6 Qe7 38. Qe4 Ra6 39. Re2 Bd4 40. Qd5 Rd6 41. Qf5 Kh8 42. Re4 Bf6 43. Re3 Bd4 44. Re2 Bf6 45. Kg2 Bd4 46. h4 Qb7+ 47. Kh2 Qe7 48. Kh3 Bf6 49. g4 Bd4 50. g5 Qb7 51. Rg2 hxg5 52. Qxg5 1-0


[Site "https://www.chess.com"]

[Event "Titled Tuesday Blitz June 27 Late 2023"]
[White "NtcPou"]
[Black "Kohler, Aran"]
[BlackFideId "1002856"]
[WhiteElo "1969"]
[BlackElo "2260"]
[Result "1/2-1/2"]
[Round "4"]
[TimeControl "180+2"]
[Date "2023.06.27"]
[WhiteClock "0:00:03"]
[BlackClock "0:00:11"]
[Board "178"]

1. e4 c6 2. d4 d5 3. e5 c5 4. dxc5 e6 5. a3 Bxc5 6. b4 Bf8 7. Bb2 Nc6 8. Bd3 Nge7 9. Nf3 Ng6 10. O-O Be7 11. Nbd2 O-O 12. Qe2 f6 13. g3 fxe5 14. Nxe5 Ncxe5 15. Bxe5 Nxe5 16. Qxe5 Bf6 17. Qh5 g6 18. Bxg6 hxg6 19. Qxg6+ Bg7 20. Rae1 Qf6 21. Qd3 Bd7 22. Re2 a6 23. Nb3 Bb5 24. Qe3 Bxe2 25. Qxe2 Rae8 26. Nc5 Rf7 27. Re1 e5 28. Nd3 Qf3 29. Qd2 Kh7 30. Qg5 e4 31. Nf4 Rxf4 32. gxf4 e3 33. fxe3 Rxe3 34. Qf5+ Kg8 35. Qc8+ Bf8 36. Rxe3 Qxe3+ 37. Kg2 Qxf4 38. Qxb7 Qe4+ 39. Kf1 Qh1+ 40. Ke2 Qxh2+ 41. Kd1 Qd6 42. Qc8 Kf7 43. Qf5+ Ke7 44. Qh7+ Kd8 45. Qb7 Be7 46. Qa8+ Kd7 47. Qb7+ Ke8 48. Qa8+ Kf7 49. Qh8 Qg6 50. Qh1 Qg4+ 51. Kc1 Bg5+ 52. Kb1 Qe4 53. Qf1+ Ke6 54. Qxa6+ Kf5 55. Qd3 Qxd3 56. cxd3 Ke5 57. a4 Kd6 58. Kc2 Be3 59. Kc3 Kc6 60. Kb3 Bd4 61. Kc2 Kb6 62. Kb3 Kc6 63. Kc2 Bf2 64. Kc3 Kb6 65. d4 Kc6 66. Kd3 Be1 67. Ke3 Bxb4 68. Kf4 Bc3 69. Ke5 Bb2 70. a5 Bc3 71. a6 Bxd4+ 72. Kxd4 Kb6 73. Kxd5 Kxa6 1/2-1/2


[Site "https://www.chess.com"]

[Event "Titled Tuesday Blitz June 27 Late 2023"]
[White "Francisco_Ferrari"]
[Black "Dmitriev, Sergey"]
[BlackFideId "14101785"]
[WhiteElo "2237"]
[BlackElo "1935"]
[Result "0-1"]
[Round "4"]
[TimeControl "180+2"]
[Date "2023.06.27"]
[WhiteClock "0:00:26"]
[BlackClock "0:00:25"]
[Board "179"]

1. e4 e5 2. Nf3 Nc6 3. d4 exd4 4. c3 d6 5. cxd4 Nf6 6. Nc3 Bg4 7. Be2 Be7 8. Be3 O-O 9. h3 Bh5 10. g4 Bg6 11. Nd2 d5 12. e5 Ne4 13. Ndxe4 dxe4 14. Qd2 Bh4 15. g5 Nb4 16. Rg1 f6 17. gxf6 gxf6 18. Nxe4 Nd5 19. Rg4 Nxe3 20. Qxe3 f5 21. Bc4+ Kh8 22. Rxg6 fxe4 23. Qh6 Bxf2+ 24. Ke2 Qe7 25. Rf1 e3 26. Bd3 Rf7 27. Rc1 Qb4 28. Rc2 Qe1# 0-1


[Site "https://www.chess.com"]

[Event "Titled Tuesday Blitz June 27 Late 2023"]
[White "Burke, Paul"]
[Black "Fernandez Hernandez, Gerardo"]
[WhiteFideId "2605767"]
[BlackFideId "2207400"]
[WhiteElo "1923"]
[BlackElo "2206"]
[Result "1-0"]
[Round "4"]
[TimeControl "180+2"]
[Date "2023.06.27"]
[WhiteClock "0:01:14"]
[BlackClock "0:00:00"]
[Board "180"]

1. e4 e6 2. d4 d5 3. e5 c5 4. Qg4 cxd4 5. Nf3 Nc6 6. Bd3 Nge7 7. O-O Ng6 8. Qg3 Qc7 9. Re1 Bb4 10. c3 dxc3 11. bxc3 Ba5 12. h4 Bd7 13. h5 Nge7 14. Ba3 O-O-O 15. Bd6 Qb6 16. Nbd2 Bxc3 17. Rab1 Qa5 18. Nb3 Qxa2 19. Nc5 Na5 20. Rec1 Nec6 21. Nxd7 Rxd7 22. Qxg7 Rhd8 23. Qf6 Rxd6 24. Rxc3 R6d7 25. Rcc1 Nc4 26. Ra1 Qb2 27. Bxh7 Kb8 28. Bd3 b6 29. h6 1-0


[Site "https://www.chess.com"]

[Event "Titled Tuesday Blitz June 27 Late 2023"]
[White "Vargas, Mauricio"]
[Black "Vila Dupla, Aurelio"]
[WhiteFideId "4404572"]
[BlackFideId "2203383"]
[WhiteElo "1835"]
[BlackElo "2204"]
[Result "1-0"]
[Round "4"]
[TimeControl "180+2"]
[Date "2023.06.27"]
[WhiteClock "0:00:02"]
[BlackClock "0:00:00"]
[Board "181"]

1. e4 c5 2. Nc3 d6 3. f4 g6 4. Nf3 Bg7 5. Bb5+ Bd7 6. Bxd7+ Qxd7 7. O-O Nc6 8. d3 Nf6 9. Qe1 O-O 10. Qh4 Qg4 11. Qf2 Rab8 12. h3 Qd7 13. Qh4 b5 14. f5 b4 15. Ne2 a5 16. Bh6 a4 17. Ng5 Rfe8 18. Bxg7 Kxg7 19. fxg6 hxg6 20. Rxf6 exf6 21. Qh7+ Kf8 22. Qh6+ Ke7 23. Nh7 Rh8 24. Qg7 Rxh7 25. Qxh7 Nd4 26. Nf4 Kd8 27. Nd5 Kc8 28. Qh8+ Kb7 29. Qxf6 Qe6 30. Qf2 Rf8 31. Nf6 1-0


[Site "https://www.chess.com"]

[Event "Titled Tuesday Blitz June 27 Late 2023"]
[White "Carlsen, Magnus"]
[Black "Korobov, Anton"]
[WhiteFideId "1503014"]
[BlackFideId "14105730"]
[WhiteElo "3296"]
[BlackElo "2982"]
[Result "1-0"]
[Round "5"]
[TimeControl "180+2"]
[Date "2023.06.27"]
[WhiteClock "0:02:12"]
[BlackClock "0:01:07"]
[Board "1"]

1. e4 c5 2. Nf3 d6 3. Bc4 Nf6 4. d3 Nc6 5. O-O Bg4 6. c3 e6 7. h3 Bh5 8. Bb3 Be7 9. Nbd2 O-O 10. Re1 d5 11. exd5 Nxd5 12. Ne4 Qc7 13. Ng3 Bg6 14. Bxd5 exd5 15. d4 c4 16. Ne5 Nxe5 17. dxe5 Rad8 18. Be3 Qxe5 19. Bb6 Qd6 20. Bxd8 Rxd8 21. Qf3 Bf6 22. Rad1 h6 23. Nf5 Qc5 24. Nxh6+ Kf8 25. Ng4 Be4 26. Qf4 Be7 27. Ne5 f6 28. Rxe4 dxe4 29. Rxd8+ 1-0


[Site "https://www.chess.com"]

[Event "Titled Tuesday Blitz June 27 Late 2023"]
[White "Nakamura, Hikaru"]
[Black "Sanal, Vahap"]
[WhiteFideId "2016192"]
[BlackFideId "6300545"]
[WhiteElo "3216"]
[BlackElo "2980"]
[Result "1-0"]
[Round "5"]
[TimeControl "180+2"]
[Date "2023.06.27"]
[WhiteClock "0:00:04"]
[BlackClock "0:00:00"]
[Board "2"]

1. e4 e5 2. Nf3 Nc6 3. Bb5 Nf6 4. d3 Bc5 5. Bxc6 dxc6 6. O-O Nd7 7. Be3 Bd6 8. Nbd2 c5 9. Nc4 Qe7 10. c3 O-O 11. Bg5 f6 12. Be3 Nb6 13. Na5 Rb8 14. Nh4 Be6 15. Nf5 Qd7 16. Qf3 Nc8 17. Nc4 Ne7 18. g4 b5 19. Nd2 Ng6 20. Rfd1 Rfd8 21. Nf1 Bf8 22. N1g3 Qf7 23. Nh5 Rd7 24. b3 Rbd8 25. Qe2 a6 26. c4 b4 27. Rd2 a5 28. Rad1 Ne7 29. Kh1 Nc6 30. f4 g6 31. Rg1 exf4 32. Nxf4 Nd4 33. Nxd4 cxd4 34. Bf2 c5 35. Qf3 Bd6 36. Bg3 Be5 37. Rf2 Rd6 38. Nd5 Bxd5 39. cxd5 Qe7 40. Rc1 Rc8 41. g5 Bxg3 42. Qxg3 Kg7 43. Rcf1 Rf8 44. e5 Rxd5 45. exf6+ 1-0


[Site "https://www.chess.com"]

[Event "Titled Tuesday Blitz June 27 Late 2023"]
[White "Indjic, Aleksandar"]
[Black "Firouzja, Alireza"]
[WhiteFideId "911925"]
[BlackFideId "12573981"]
[WhiteElo "2958"]
[BlackElo "3121"]
[Result "1/2-1/2"]
[Round "5"]
[TimeControl "180+2"]
[Date "2023.06.27"]
[WhiteClock "0:00:06"]
[BlackClock "0:00:04"]
[Board "3"]

1. e4 c6 2. d4 d5 3. e5 Bf5 4. h4 h5 5. Bd3 Bxd3 6. Qxd3 e6 7. Bg5 Qa5+ 8. Nd2 Ne7 9. Ne2 Qa6 10. c4 Nf5 11. O-O Bb4 12. b3 Nd7 13. Ng3 Ne7 14. a3 Bxd2 15. Qxd2 dxc4 16. Bxe7 Kxe7 17. Qg5+ Kf8 18. f4 Qb6 19. bxc4 Qxd4+ 20. Kh2 Qc5 21. Ne4 Qe7 22. Qg3 Rh6 23. Rad1 Nc5 24. Nd6 Rg6 25. Qf2 b6 26. g3 Rg4 27. Qf3 Rd8 28. Qxc6 Kg8 29. Qf3 f6 30. exf6 Qxf6 31. Rf2 Qg6 32. Rfd2 Rf8 33. Re2 Qf6 34. Ne4 Nxe4 35. Qxe4 Rg6 36. Qe5 Qf5 37. Qxf5 Rxf5 38. Re5 Rxe5 39. fxe5 Rg4 40. Rd8+ Kh7 41. c5 bxc5 42. Rd6 Kg6 43. Rxe6+ Kf5 44. Ra6 Kxe5 45. Rxa7 c4 46. a4 c3 47. Rc7 Kd4 48. a5 Kd3 49. a6 Ra4 50. Rd7+ Kc4 51. Rxg7 Rxa6 52. Rc7+ Kb3 53. g4 hxg4 54. Kg3 Ra4 55. h5 c2 56. h6 Ra6 57. Rb7+ Kc3 58. Rc7+ Kb2 59. Rb7+ Kc3 60. Rc7+ Kd2 61. Rd7+ Ke3 62. Re7+ Kd3 63. Rd7+ Ke4 64. Rc7 Rxh6 65. Rxc2 Rg6 66. Rc4+ Kf5 67. Rc5+ Kf6 68. Rc6+ Kg5 69. Rxg6+ Kxg6 70. Kxg4 1/2-1/2


[Site "https://www.chess.com"]

[Event "Titled Tuesday Blitz June 27 Late 2023"]
[White "Sjugirov, Sanan"]
[Black "Andreikin, Dmitry"]
[WhiteFideId "4189302"]
[BlackFideId "4158814"]
[WhiteElo "2945"]
[BlackElo "3032"]
[Result "1-0"]
[Round "5"]
[TimeControl "180+2"]
[Date "2023.06.27"]
[WhiteClock "0:00:05"]
[BlackClock "0:00:14"]
[Board "4"]

1. d4 d5 2. c4 e6 3. Nc3 a6 4. cxd5 exd5 5. Bf4 Nf6 6. e3 Bd6 7. Qf3 O-O 8. Bd3 c6 9. h3 Bxf4 10. Qxf4 Qb6 11. Rb1 c5 12. dxc5 Qxc5 13. Nf3 Nc6 14. O-O Rd8 15. Rfd1 Qb4 16. Qxb4 Nxb4 17. Be2 Be6 18. Nd4 Rac8 19. Bf3 Nc6 20. Nxc6 bxc6 21. Rbc1 c5 22. Na4 d4 23. Nxc5 dxe3 24. Rxd8+ Rxd8 25. Nxe6 exf2+ 26. Kxf2 fxe6 27. Ke3 Nd5+ 28. Bxd5 Rxd5 29. Rc6 Re5+ 30. Kd3 Rg5 31. Rxa6 Rxg2 32. Rb6 Rg3+ 33. Ke2 Rxh3 34. a4 Kf7 35. a5 Rh1 36. a6 Ra1 37. b4 Ke7 38. b5 Kd7 39. Rb7+ Kc8 40. Rxg7 Ra5 41. a7 1-0


[Site "https://www.chess.com"]

[Event "Titled Tuesday Blitz June 27 Late 2023"]
[White "Terry, Renato"]
[Black "Chigaev, Maksim"]
[WhiteFideId "3803457"]
[BlackFideId "4108116"]
[WhiteElo "3014"]
[BlackElo "2915"]
[Result "0-1"]
[Round "5"]
[TimeControl "180+2"]
[Date "2023.06.27"]
[WhiteClock "0:00:00"]
[BlackClock "0:00:05"]
[Board "5"]

1. d4 Nf6 2. Nf3 g6 3. Bg5 Bg7 4. c3 O-O 5. Nbd2 d6 6. e4 Nc6 7. Bb5 Bd7 8. O-O Qe8 9. d5 Ne5 10. Bxd7 Nexd7 11. Re1 e5 12. dxe6 Qxe6 13. Nd4 Qe7 14. Nc4 Rfe8 15. Nb3 Qe6 16. Ncd2 Ne5 17. Qc2 h6 18. Nd4 Qd7 19. Bh4 Nh5 20. Rad1 a6 21. Nf1 c5 22. Nb3 Qa4 23. Ne3 c4 24. Nc1 Qxc2 25. Nxc2 Nf4 26. Rxd6 Ned3 27. Nxd3 Nxd3 28. Re2 Nxb2 29. Bf6 Bxf6 30. Rxf6 Nd1 31. Rf3 Rad8 32. Kf1 Rd3 33. Nb4 Rxc3 34. Rd2 Rc1 35. Ke2 Rxe4+ 36. Re3 Nxe3 37. fxe3 c3 38. Rd8+ Kg7 39. Nd3 Ra1 40. Kf3 Rc4 41. Rd7 c2 42. Ne5 Rf1+ 43. Ke2 c1=Q 0-1


[Site "https://www.chess.com"]

[Event "Titled Tuesday Blitz June 27 Late 2023"]
[White "Horvath, Dominik"]
[Black "Sargsyan, Shant"]
[WhiteFideId "1642561"]
[BlackFideId "13306766"]
[WhiteElo "2887"]
[BlackElo "3008"]
[Result "1/2-1/2"]
[Round "5"]
[TimeControl "180+2"]
[Date "2023.06.27"]
[WhiteClock "0:00:15"]
[BlackClock "0:00:24"]
[Board "6"]

1. e4 g6 2. d4 Nf6 3. e5 Nh5 4. h4 d6 5. Nf3 dxe5 6. Nxe5 Bg7 7. Be2 Bxe5 8. dxe5 Qxd1+ 9. Bxd1 Nc6 10. g4 Ng7 11. f4 h5 12. gxh5 Nxh5 13. Nc3 Bf5 14. Be3 O-O-O 15. Kf2 Ng7 16. Rc1 Nd4 17. Ne2 Nxe2 18. Bxe2 Be4 19. Bg4+ e6 20. Rh2 b6 21. Ke1 Nf5 22. Bxf5 Bxf5 23. Rd1 Rxd1+ 24. Kxd1 Bg4+ 25. Kd2 Rd8+ 26. Kc3 Rd1 27. Rg2 Bf5 28. Rg1 Rd8 29. b3 Kb7 30. Bf2 c5 31. a3 Kc6 32. Rc1 a5 33. b4 cxb4+ 34. axb4 a4 35. Be3 Kb5 36. Kb2 Kxb4 37. Bxb6 a3+ 38. Ka2 Rd2 39. Kb1 Rh2 40. Bd8 Rf2 41. Be7+ Ka4 42. Bc5 Rxf4 43. Ka2 Rxh4 44. Bxa3 Rh2 45. Kb2 Bxc2 46. Be7 Be4+ 47. Kc3 Kb5 48. Kd4 Bd5 49. Rc7 Rh7 50. Bf6 Bc6 51. Ke3 Kc5 52. Kf4 Kd5 53. Rc8 Rh5 54. Rd8+ Kc5 55. Rf8 Rf5+ 56. Ke3 g5 57. Rxf7 g4 58. Rg7 Bf3 59. Rg5 Rxg5 60. Bxg5 Kd5 61. Bf6 Bd1 62. Kf2 Ke4 63. Kg3 Kf5 64. Bg7 Bf3 65. Bf6 Ke4 66. Bg7 Ke3 67. Bf6 Kd3 68. Bg7 Kd4 69. Bf6 Ke4 70. Bg7 Kf5 71. Bf6 Kg6 72. Bh8 Kh7 73. Bf6 Kg6 74. Bh8 Kf5 75. Bf6 1/2-1/2


[Site "https://www.chess.com"]

[Event "Titled Tuesday Blitz June 27 Late 2023"]
[White "Tiglon, Bryce"]
[Black "Galperin, Platon"]
[WhiteFideId "2087456"]
[BlackFideId "14165414"]
[WhiteElo "2794"]
[BlackElo "3006"]
[Result "1-0"]
[Round "5"]
[TimeControl "180+2"]
[Date "2023.06.27"]
[WhiteClock "0:00:02"]
[BlackClock "0:00:00"]
[Board "7"]

1. Nf3 Nf6 2. e3 g6 3. d4 Bg7 4. b3 c5 5. Be2 cxd4 6. exd4 O-O 7. O-O d5 8. Bb2 Nh5 9. Ne5 Nf4 10. Bf3 Nc6 11. Qd2 Bh6 12. Qd1 f6 13. Nxc6 bxc6 14. Re1 Bf5 15. Nc3 e5 16. dxe5 fxe5 17. Rxe5 Bg7 18. Re1 Qg5 19. Na4 Be4 20. Kf1 Nh3 21. Re3 Qh4 22. g3 Qh6 23. Bxg7 Qxg7 24. Kg2 Qf6 25. Bxe4 Qxf2+ 26. Kxh3 Qxe3 27. Bd3 Rf2 28. Qg4 Raf8 29. Bxg6 1-0


[Site "https://www.chess.com"]

[Event "Titled Tuesday Blitz June 27 Late 2023"]
[White "Preotu, Razvan"]
[Black "Bortnyk, Olexandr"]
[WhiteFideId "2613280"]
[BlackFideId "14120828"]
[WhiteElo "2765"]
[BlackElo "2992"]
[Result "0-1"]
[Round "5"]
[TimeControl "180+2"]
[Date "2023.06.27"]
[WhiteClock "0:00:00"]
[BlackClock "0:00:03"]
[Board "8"]

1. e4 Nf6 2. e5 Nd5 3. d4 d6 4. c4 Nb6 5. f4 dxe5 6. fxe5 Bf5 7. Nc3 e6 8. Nf3 Bb4 9. Bd3 c5 10. Bg5 Qd7 11. Bxf5 cxd4 12. Qxd4 Qxd4 13. Nxd4 exf5 14. Nb5 Na6 15. O-O-O O-O 16. Nd5 Nxc4 17. Nxb4 Nxb4 18. Be7 Nc6 19. Bxf8 Rxf8 20. Nd6 Ne3 21. Rd2 Nxe5 22. Nxb7 g5 23. Nd6 Rb8 24. b3 f4 25. Ne4 h6 26. g3 f3 27. Re1 Rc8+ 28. Kb2 Ng2 29. Rf1 f5 30. Nd6 Rd8 31. Kc1 Ne3 32. Re1 Rxd6 33. Rxe3 Re6 34. Rf2 g4 35. Kd2 Rd6+ 36. Kc3 Nc6 37. b4 Kf7 38. b5 Ne7 39. Kc4 Kf6 40. a4 Ng6 41. Kc5 Rd1 42. a5 Ne5 43. b6 axb6+ 44. axb6 Rc1+ 45. Kb5 Rb1+ 46. Ka6 Rxb6+ 47. Kxb6 Nc4+ 48. Kc5 Nxe3 49. Kd4 Ng2 50. Kd3 h5 51. Kd4 h4 52. Kd3 Kg5 53. Rf1 f4 54. Ke4 fxg3 55. hxg3 hxg3 56. Ra1 f2 57. Rf1 Ne1 58. Ke3 Kh4 59. Rh1+ Kg5 60. Ke2 g2 0-1


[Site "https://www.chess.com"]

[Event "Titled Tuesday Blitz June 27 Late 2023"]
[White "Naroditsky, Daniel"]
[Black "Holt, Conrad"]
[WhiteFideId "2026961"]
[BlackFideId "2034387"]
[WhiteElo "3100"]
[BlackElo "2874"]
[Result "1/2-1/2"]
[Round "5"]
[TimeControl "180+2"]
[Date "2023.06.27"]
[WhiteClock "0:00:07"]
[BlackClock "0:00:11"]
[Board "9"]

1. d4 d5 2. Nc3 Nf6 3. Bf4 Nh5 4. Bg5 h6 5. Bh4 g5 6. e3 Nf6 7. Bg3 Bf5 8. Bd3 e6 9. Nf3 Ne4 10. Bxe4 dxe4 11. Nd2 Bb4 12. Qe2 Nc6 13. O-O Bxc3 14. bxc3 h5 15. f3 exf3 16. Qxf3 h4 17. e4 hxg3 18. exf5 Nxd4 19. Qe3 Nxc2 20. Qe5 f6 21. Qxe6+ Kf8 22. Rad1 Qe7 23. Qxe7+ Kxe7 24. hxg3 Rad8 25. Nc4 b5 26. Na5 Rd6 27. Rc1 Na3 28. Nb3 Kf7 29. Rfe1 Re8 30. Rxe8 Kxe8 31. Kf2 Rd3 32. Nc5 Rd5 33. Ne6 Rxf5+ 34. Kg1 Kd7 35. Nd4 Rc5 36. Nb3 Rd5 37. Rf1 Ke7 38. Nd4 a6 39. Nf5+ Kf7 40. g4 Nc4 41. Nh6+ Kg6 42. Ng8 Rd6 43. Ne7+ Kf7 44. Nf5 Rd7 45. Re1 Ne5 46. Re4 Rd1+ 47. Kh2 Rd2 48. a4 c5 49. axb5 axb5 50. Kg3 Rd3+ 51. Kh2 Rxc3 52. Nd6+ Ke6 53. Nxb5 Rc4 54. Nc7+ Kd7 55. Nd5 Ke6 56. Nc7+ Kf7 57. Rxc4 Nxc4 58. Na6 Ne5 59. Nxc5 Nxg4+ 60. Kg3 Nh6 61. Ne4 Kg6 62. Kf3 Kf5 63. Nd6+ Ke6 64. Ne4 Nf7 65. Nc5+ Kd5 66. Na4 Ne5+ 67. Kf2 Kd4 68. Nb6 f5 69. Nc8 Nd3+ 70. Ke2 Nf4+ 71. Kf3 Ke5 72. Ne7 Ne6 73. Nc6+ Kd6 74. Nb4 Nd4+ 75. Kf2 Ke5 76. Nd3+ Ke4 77. Nc5+ Kd5 78. Nd3 Ne6 79. Nb4+ Kd4 80. Nc6+ Ke4 81. g3 Nc5 82. Kg2 Nd3 83. Nd8 Ne1+ 84. Kf2 Nd3+ 85. Ke2 Ne5 86. Ne6 Nf7 87. Nc5+ Kd5 88. Nd3 Kd4 89. Ne1 Ke4 90. Nf3 g4 91. Nd2+ Kd4 92. Nb3+ Kc3 93. Nc5 Kd4 94. Ne6+ Ke5 95. Nf4 Ng5 96. Ke3 Ne4 97. Nd3+ Kf6 98. Kf4 Nc3 99. Ke3 Nd5+ 100. Kf2 Kg5 101. Nc5 Nc3 102. Ne6+ Kf6 103. Nd4 Ne4+ 104. Kg2 Ke5 105. Nc6+ Kd6 106. Nd4 Ke5 107. Nc6+ Kf6 108. Nd4 Nc5 109. Kf2 Ke5 110. Nc6+ Kd5 111. Ne7+ Ke6 112. Nc6 Kd6 113. Nd4 Ne4+ 114. Kg2 Ke5 1/2-1/2


[Site "https://www.chess.com"]

[Event "Titled Tuesday Blitz June 27 Late 2023"]
[White "Bluebaum, Matthias"]
[Black "Licznerski, Lukasz"]
[WhiteFideId "24651516"]
[BlackFideId "1179250"]
[WhiteElo "3065"]
[BlackElo "2865"]
[Result "1-0"]
[Round "5"]
[TimeControl "180+2"]
[Date "2023.06.27"]
[WhiteClock "0:02:22"]
[BlackClock "0:00:05"]
[Board "10"]

1. d4 Nf6 2. c4 g6 3. Nc3 d5 4. cxd5 Nxd5 5. e4 Nxc3 6. bxc3 Bg7 7. Nf3 c5 8. Bb5+ Nc6 9. O-O cxd4 10. cxd4 O-O 11. Bxc6 bxc6 12. Qc2 Ba6 13. Rd1 Rc8 14. Ba3 Qd7 15. Bc5 Bb5 16. a4 Ba6 17. h3 Rfd8 18. Rab1 Rb8 19. Rxb8 Rxb8 20. Ne5 Qc7 21. Nf3 e6 22. e5 Bf8 23. Bxf8 Kxf8 24. Ng5 Kg7 25. Ne4 Rb4 26. Nf6 Qb6 27. Qe4 c5 28. Qh4 h6 29. Ng4 h5 30. Qf6+ Kf8 31. Nh6 1-0


[Site "https://www.chess.com"]

[Event "Titled Tuesday Blitz June 27 Late 2023"]
[White "Rathanvel, V S"]
[Black "Hakobyan, Aram"]
[WhiteFideId "25002112"]
[BlackFideId "13306677"]
[WhiteElo "2815"]
[BlackElo "3024"]
[Result "0-1"]
[Round "5"]
[TimeControl "180+2"]
[Date "2023.06.27"]
[WhiteClock "0:00:00"]
[BlackClock "0:00:27"]
[Board "11"]

1. e4 c5 2. Nf3 d6 3. d4 cxd4 4. Nxd4 Nf6 5. Nc3 a6 6. Bc4 e6 7. Bb3 Be7 8. O-O O-O 9. f4 Nbd7 10. g4 Nc5 11. Qe2 d5 12. e5 Nfe4 13. Nxe4 Nxe4 14. c3 b5 15. f5 Bc5 16. f6 gxf6 17. exf6 e5 18. Be3 exd4 19. cxd4 Ba7 20. Rac1 Re8 21. Kh1 Qd6 22. g5 Bh3 23. Rf4 Qxf4 24. Bxf4 Ng3+ 25. hxg3 Rxe2 26. Bxd5 Rd8 27. Rc7 Rxd5 28. Rxa7 Rd8 29. Be5 Rxb2 30. d5 Re2 31. Re7 Bg2+ 0-1


[Site "https://www.chess.com"]

[Event "Titled Tuesday Blitz June 27 Late 2023"]
[White "Salem, A.R. Saleh"]
[Black "Santos Ruiz, Miguel"]
[WhiteFideId "9301348"]
[BlackFideId "22291482"]
[WhiteElo "3009"]
[BlackElo "2769"]
[Result "0-1"]
[Round "5"]
[TimeControl "180+2"]
[Date "2023.06.27"]
[WhiteClock "0:00:02"]
[BlackClock "0:00:04"]
[Board "12"]

1. d4 Nf6 2. c4 e6 3. Nc3 Bb4 4. a3 Bxc3+ 5. bxc3 d6 6. f3 c5 7. e4 e5 8. Bd3 Qe7 9. Ne2 h6 10. a4 Nc6 11. a5 Qc7 12. d5 Ne7 13. g4 Bd7 14. h4 O-O-O 15. Be3 Kb8 16. Kd2 Bc8 17. Qg1 h5 18. g5 Nd7 19. Qh2 Rdf8 20. Rhg1 Ka8 21. Bc2 Rh7 22. Ba4 f5 23. gxf6 gxf6 24. a6 Nb6 25. axb7+ Bxb7 26. Bb5 f5 27. Bg5 Rhf7 28. Rg2 Nec8 29. Bh6 Rh8 30. Be3 Kb8 31. Qg1 a6 32. Bxa6 Bxa6 33. Rxa6 Qb7 34. Ra1 fxe4 35. fxe4 Nxc4+ 36. Ke1 Rf3 37. Bc1 Rhf8 38. Ng3 Qb3 39. Ne2 Qc2 40. Bh6 R8f7 41. Rc1 Qd3 42. Bg5 Qxe4 43. Rd1 Kc7 44. Rc1 N8b6 45. Ra1 Na4 46. Rc1 Nab2 47. Rg3 Nd3+ 48. Kd1 Rf1+ 0-1


[Site "https://www.chess.com"]